 Dungeon Crawl Stone Soup version 0.29.1-14-g9c671dbff4 (webtiles) character file.

Game seed: 7009637458055656077

39 tizbic2 the Shooter (level 3, 0/28 HPs)
             Began as a Mummy Hunter on Feb 14, 2023.
             Slain by Natasha (6 damage)
             ... on level 2 of the Dungeon.
             The game lasted 00:03:08 (1008 turns).

tizbic2 the Shooter (Mummy Hunter)                  Turns: 1008, Time: 00:03:09

Health: 0/28       AC: 10    Str: 14    XL:     3   Next: 26%
Magic:  5/5        EV:  3    Int: 10    God:
Gold:   104        SH:  0    Dex: 15    Spells: 4/4 levels left

rFire   x . .      SeeInvis .   a - +0 shortbow
rCold   + . .      Faith    .   (shield currently unavailable)
rNeg    + + +      Spirit   .   e - +0 plate armour
rPois   ∞          Reflect  .   (no helmet)
rElec   .          Harm     .   (no cloak)
rCorr   .          Rampage  .   (no gloves)
Will    .....                   (no boots)
Stlth   ..........              (no amulet)
HPRegen 0.09/turn               (no ring)
MPRegen 0.09/turn               (no ring)

@: confused, slowed, very slow
A: cold resistance 1, negative energy resistance 3, torment resistance 2, heat
vulnerability 1, in touch with death 1, no potions
a: no special abilities


You were on level 2 of the Dungeon.
You visited 1 branch of the dungeon, and saw 2 of its levels.

You collected 104 gold pieces.

Inventory:

Hand Weapons
 a - a +0 shortbow (weapon)
Armour
 c - a +0 leather armour
 e - a +0 plate armour (worn)
Wands
 f - a wand of digging (1)
Scrolls
 b - a scroll of immolation
 d - 2 scrolls of identify {unknown}


   Skills:
 + Level 2.4 Fighting
 * Level 3.7 Ranged Weapons
 - Level 1.5 Dodging
 - Level 0.7 Stealth
 + Level 1.3 Spellcasting
 + Level 1.1 Necromancy


You had 4 spell levels left.
You didn't know any spells.
Your spell library was empty.

Dungeon Overview and Level Annotations

Branches:
Dungeon (2/15)

Altars:

Annotations:
D:2 Natasha


Innate Abilities, Weirdness & Mutations

You are immune to poison.
Your flesh is cold resistant. (rC+)
You are immune to negative energy. (rN+++)
You are immune to unholy pain and torment.
You are vulnerable to heat. (rF-)
You are in touch with the powers of death.
You do not drink.


Message History

Your attack delay is about 2.0 (and is slowed by your armour).
You don't know any spells.
f - a wand of digging (1)
Found 4 stones.
Natasha, Servant of Life and Death comes into view.
She is carrying a wand of light (3).
You shoot an arrow.
Natasha hisses angrily.
The arrow hits Natasha but does no damage.
Natasha mumbles some strange words.
Natasha glows brightly for a moment.
Natasha mumbles some strange words.
You shoot an arrow. The arrow closely misses Natasha.
You shoot an arrow. The arrow closely misses Natasha.
The arrow hits the shadow imp.
The shadow imp is moderately wounded.
Natasha stares at you and mumbles some strange words.
You feel yourself slow down.
Natasha zaps a wand.
The bolt of light hits you.
Fire: a) +0 shortbow
Press: ? - help, Q - select action Shift-Dir - straight line, f/p - Natasha
Aim: Natasha, carrying a wand of light (2) (53% to hit)
You shoot an arrow. The arrow closely misses Natasha.
The arrow hits the shadow imp but does no damage.
The shadow imp is moderately wounded.
Natasha stares at you and mumbles some strange words.
You resist with some effort.
Natasha stares at you and mumbles some strange words.
You feel as though you will be slow longer.
Natasha stares at you and mumbles some strange words.
The magic dart hits you!
Fire: a) +0 shortbow
Press: ? - help, Q - select action Shift-Dir - straight line, f/p - Natasha
Aim: Natasha, carrying a wand of light (2) (53% to hit)
You shoot an arrow. The arrow closely misses Natasha.
The arrow hits the shadow imp.
The shadow imp is severely wounded.
Natasha zaps a wand.
The bolt of light hits you!
You are confused.
* * * LOW HITPOINT WARNING * * *
Natasha claws you.
You die...

#.###.#
##.#.##
#.## ## #.#
.. #.# #.
#.# #. #.#
#(####.##.#
.....5h@..#
..####.####
#. #. #. ..
##


You could see Natasha and a shadow imp (summoned).

Vanquished Creatures
  Natasha (D:2)
  A dart slug (D:1)
  2 endoplasms (D:1)
  A giant cockroach (D:1)
  2 goblins (D:1)
  A hobgoblin (D:1)
  A quokka (D:1)
  2 ball pythons (D:1)
  A kobold (D:1)
12 creatures vanquished.

Notes
Turn   | Place    | Note
-------+----------+-------------------------------------------
     0 | D:1      | tizbic2 the Mummy Hunter began the quest for the Orb.
     0 | D:1      | Reached XP level 1. HP: 16/16 MP: 1/1
   176 | D:1      | Found a faded altar of an unknown god.
   374 | D:1      | Reached XP level 2. HP: 15/22 MP: 1/3
   952 | D:2      | Noticed Natasha
   953 | D:2      | Noticed a crimson imp
   959 | D:2      | Killed Natasha
   960 | D:2      | Reached skill level 1 in Spellcasting
   960 | D:2      | Reached skill level 1 in Necromancy
   960 | D:2      | Gained mutation: You are in touch with the powers of death.
                  | [Mummy growth]
   960 | D:2      | Reached XP level 3. HP: 28/28 MP: 3/5
  1003 | D:2      | Noticed Natasha
  1008 | D:2      | Slain by Natasha

Illustrated notes

Levels and vault maps discovered:
D:1:      psy_arrival_radial02, layout_loops_ring,
          hellmonk_ecumenical_altar_pennies_from_heaven
D:2:      layout_loops_ring, minmay_heptomino_o4, uniq_natasha

Skill      XL: |  1  2 |
---------------+-------+-----
Spellcasting   | 1 |  1.3
Necromancy     | 1 |  1.1
Fighting       | |  2.4
Ranged Weapons | |  3.7
Dodging        | |  1.5
Stealth        | |  0.7

Action                   || total
-------------------------++-------
 Fire: Shortbow          ||    40
Armor: Leather armour    ||     2
Dodge: Dodged            ||     2
